 Dungeon Crawl Stone Soup version 0.19.0-9-gfd783f2 (webtiles) character file.

779 sandeep the Magician (level 7, -2/43 HPs)
             Began as an Octopode Wizard on Nov 6, 2016.
             Hit by a stone thrown by an orc warrior (13 damage)
             ... on level 6 of the Dungeon on Nov 7, 2016.
             The game lasted 01:05:33 (6747 turns).

sandeep the Magician (Octopode Wizard)              Turns: 6747, Time: 01:05:34

Health: -2/43      AC:  2    Str:  3 (6)  XL:     7   Next: 85%
Magic:  11/24      EV: 14    Int: 20 (22) God:
Gold:   319        SH:  0    Dex: 11      Spells: 6 memorised, 4 levels left

rFire  . . .     SeeInvis .     t - +4 quarterstaff (chaos)
rCold  . . .     Gourm    .     (shield currently unavailable)
rNeg   . . .     Faith    .     a - +1 hat
rPois  .         Spirit   .     (no amulet)
rElec  .         Reflect  .     q - ring of magical power
rCorr  .         Harm     .     (no ring)
MR     .....                    (no ring)
Stlth  +++.......               (no ring)
                                (no ring)
                                (no ring)
                                (no ring)
                                (no ring)

@: repel missiles
A: almost no armour, stealthy swim, amphibious, 8 rings, constrict 8, camouflage
1, gelatinous body 1
a: no special abilities


You were on level 6 of the Dungeon.
You were not hungry.

You visited 1 branch of the dungeon, and saw 6 of its levels.

You collected 319 gold pieces.

Inventory:

Hand Weapons
 d - a +0 short sword
 e - a +0 short sword
 f - a +2 dagger of holy wrath
 i - a +2 dagger of freezing
 l - a +0 short sword
 m - a +0 short sword
 p - a +0 dagger
 r - a cursed -2 spear
 t - a +4 quarterstaff of chaos (weapon)
 w - a +0 mace
 x - a +0 mace
 y - a +0 mace
 z - a +0 mace
 B - a +0 mace
 C - a +0 mace
 D - a +0 mace
 I - a +2 flail of venom
Armour
 a - a +1 hat (worn)
 A - a +0 cloak of magic resistance
Magical Staves
 h - an uncursed staff of earth
Jewellery
 q - a ring of magical power (left tentacle)
Scrolls
 g - 3 scrolls of recharging
 o - a scroll of immolation
 u - 3 scrolls of fear
 E - a scroll of amnesia
 G - a scroll of blinking {unknown}
Books
 b - a book of Minor Magic

   Spells                             Type                      Level
   a - Magic Dart                     Conjuration                  1
   b - Blink                          Translocation                2
   c - Call Imp                       Summoning                    2
   d - Repel Missiles                 Charms/Air                   2
   e - Slow                           Hexes                        2
   f - Conjure Flame                  Conjuration/Fire             3
   g - Mephitic Cloud                 Conjuration/Poison/Air       3
Comestibles
 c - a bread ration
 j - 2 beef jerkies
 k - 3 meat rations
 K - 3 fruits


   Skills:
 + Level 1.6 Fighting
 + Level 0.2 Short Blades
 + Level 1.7 Staves
 + Level 2.8 Dodging
 + Level 4.0 Stealth
 + Level 5.8 Spellcasting
 + Level 2.9 Conjurations
 + Level 1.0 Hexes
 + Level 3.2 Summonings
   Level 1.0 Translocations
 + Level 0.8 Fire Magic
 + Level 0.4 Air Magic
 + Level 0.5 Poison Magic


You had 4 spell levels left.
You knew the following spells:

 Your Spells              Type           Power        Failure   Level  Hunger
a - Magic Dart            Conj           ###.         3%          1    None
b - Call Imp              Summ           ###.....     4%          2    None
c - Repel Missiles        Chrm/Air       #.....       17%         2    None
d - Mephitic Cloud        Conj/Pois/Air  ##......     21%         3    ##.....
e - Slow                  Hex            #.......     14%         2    None
f - Conjure Flame         Conj/Fire      ##......     17%         3    ##.....


Dungeon Overview and Level Annotations

Branches:
Dungeon (6/15)
 Temple: D:4-7

Altars:
Ru

Shops:
D:5 [

Annotations:
D:5 Edmund


Innate Abilities, Weirdness & Mutations

You cannot wear most types of armour.
You are very stealthy in the water. (Stealth+)
You are amphibious.
You can wear up to eight rings at the same time.
You can use your tentacles to constrict eight enemies at once.
Your skin changes colour to match your surroundings (Stealth+).
Your rubbery body absorbs attacks. (AC +1, EV +1)


Message History

The stone hits your crimson imp!
Your crimson imp dies!
Your crimson imp barely misses the worker ant.
Your white imp gestures at the worker ant.
The puff of frost misses the worker ant.
Your crimson imp blinks!
Your white imp gestures at the worker ant.
The puff of frost hits the worker ant.
An orc priest comes into view. It is wielding a whip.
Your white imp hits the worker ant.
Your white imp freezes the worker ant.
The worker ant misses your white imp.
Your white imp is smitten.
Your white imp dies!
The worker ant twitches its antennae in your direction.
An orc warrior comes into view. It is wielding a glaive.
The orc warrior shouts!
You hit the worker ant.
There is a sudden explosion of sparks!
You kill the worker ant!
The orc warrior throws a stone.
The stone hits you!
You die...

.........# # ##....#..#####
#. ............... ..
#.##.......#.######
.####.#.##.##...............
..........................#
..........o......#.#5..####
.##.#.#.#.##.....#.#5..#
....#.#.#......#@#.#5..#
........#....†.#.#.#...#
.####...#..)...#.#.#...###
....>......o†..)..†......#
.####.....o....[............
...#...(()................(.
......((...........#........
..............#..#.#.....##.
.#####......#.#............


You could see an orc warrior.

Vanquished Creatures
  A crimson imp (D:5)
  3 hounds
  An orc priest (D:3)
  A worker ant (D:6)
  9 adders
  A shadow imp (D:5)
  An ooze (D:4)
  A worm (D:4)
  2 dart slugs (D:2)
  2 leopard geckos
  5 orcs
  A ball python (D:3)
  3 giant cockroaches
  6 hobgoblins
  4 jackals
  2 quokkas
  13 bats
  A frilled lizard (D:2)
  7 goblins
  6 kobolds
  5 rats
75 creatures vanquished.

Vanquished Creatures (collateral kills)
  Grinder (D:6)
  A centaur (D:6)
  Blork the orc (D:6)
  A water moccasin zombie (D:6)
  A howler monkey (D:5)
  A hound (D:5)
  An orc wizard (D:3)
  2 orc priests (D:3)
  Crazy Yiuf (D:3)
  2 worker ants (D:5)
  An adder (D:2)
  8 gnolls
  An ooze (D:3)
  2 leopard geckos
  6 orcs
  A bat (D:3)
  A giant cockroach (D:6)
  2 hobgoblins (D:1)
  A jackal (D:6)
  2 kobolds (D:1)
  A quokka (D:2)
  3 rats
41 creatures vanquished.

Grand Total: 116 creatures vanquished

Notes
Turn   | Place    | Note
-------+----------+-------------------------------------------
     0 | D:1      | sandeep the Octopode Wizard began the quest for the Orb.
     0 | D:1      | Reached XP level 1. HP: 11/11 MP: 4/4
   221 | D:1      | Reached XP level 2. HP: 5/17 MP: 0/6
   228 | D:1      | Learned a level 2 spell: Call Imp
  1022 | D:1      | Learned a level 2 spell: Repel Missiles
  1081 | D:1      | Reached XP level 3. HP: 21/21 MP: 6/8
  1086 | D:1      | Learned a level 3 spell: Mephitic Cloud
  2232 | D:2      | Learned a level 3 spell: Mephitic Cloud
  2260 | D:3      | Reached XP level 4. HP: 19/27 MP: 9/9
  2264 | D:3      | Learned a level 2 spell: Slow
  2589 | D:3      | Reached skill level 4 in Spellcasting
  3097 | D:3      | Found a runed door.
  3101 | D:3      | Noticed Crazy Yiuf
  3108 | D:3      | Killed Crazy Yiuf
  3108 | D:3      | Reached XP level 5. HP: 31/31 MP: 11/11
  4246 | D:4      | Noticed an ice beast
  4270 | D:4      | HP: 1/31 [ice beast (7)]
  4588 | D:3      | Learned a level 3 spell: Conjure Flame
  5021 | D:4      | Reached skill level 1 in Staves
  5384 | D:5      | Entered Level 5 of the Dungeon
  5395 | D:5      | Found Dexzifer's Antique Armour Shoppe.
  5423 | D:5      | Reached XP level 6. HP: 36/36 MP: 13/13
  5721 | D:5      | Noticed Edmund
  5723 | D:5      | Noticed a sky beast
  5735 | D:5      | Upgraded the game from 0.19.0-2-gae57169 to 0.19.0-9-gfd783f2
  5953 | D:5      | Reached skill level 1 in Fighting
  5953 | D:5      | Reached skill level 5 in Spellcasting
  6051 | D:6      | Found a sacrificial altar of Ru.
  6217 | D:6      | Reached XP level 7. HP: 28/43 MP: 14/14
  6448 | D:6      | Noticed Blork the orc
  6504 | D:6      | Killed Blork the orc
  6678 | D:6      | Noticed Grinder
  6705 | D:6      | Paralysed by Grinder for 5 turns
  6740 | D:6      | Killed Grinder
  6740 | D:6      | Reached skill level 1 in Hexes
  6747 | D:6      | Hit by a stone thrown by an orc warrior

Skill      XL: |  1  2  3  4  5  6  7 |
---------------+----------------------+-----
Stealth        | 3 4 |  4.0
Spellcasting   | 4 5 |  5.8
Conjurations   | 2 |  2.9
Staves         | 1 |  1.7
Summonings     | 2 3 |  3.2
Fighting       | 1 |  1.6
Hexes          | 1 |  1.0
Short Blades   | |  0.2
Dodging        | |  2.8
Translocations | |  1.0
Fire Magic     | |  0.8
Air Magic      | |  0.4
Poison Magic   | |  0.5

Action                   |  1- 3 |  4- 6 |  7- 9 || total
-------------------------+-------+-------+-------++-------
Melee: Short sword       |    15 |     2 |       ||    17
       Unarmed           |     4 |       |       ||     4
       Constrict         |     4 |     8 |     1 ||    13
       Tentacles         |     3 |     2 |     2 ||     7
       Quarterstaff      |       |    31 |     7 ||    38
 Cast: Magic Dart        |    66 |   110 |    17 ||   193
       Call Imp          |     9 |    32 |    18 ||    59
       Repel Missiles    |     1 |       |       ||     1
       Mephitic Cloud    |       |     9 |     9 ||    18
       Slow              |       |     8 |     5 ||    13
       Conjure Flame     |       |     3 |       ||     3
  Use: Scroll            |     9 |     5 |     2 ||    16
       Potion            |       |     2 |     7 ||     9
 Stab: Sleeping          |       |     1 |       ||     1
       Confused          |       |       |     1 ||     1
  Eat: Bread ration      |     1 |     3 |       ||     4
       Royal jelly       |       |     1 |       ||     1
Armor: Skin              |     6 |     8 |    64 ||    78
Dodge: Dodged            |    16 |    39 |    17 ||    72
       Deflected         |     1 |     3 |     1 ||     5
